 Dungeon Crawl Stone Soup version 0.24.0-123-gd5b16e6ec5 (webtiles) character file.

Game seed: 8707355661850352736, levelgen mode: deterministic

1590468 VPR the Conqueror (level 27, 245/245 HPs)
             Began as a Minotaur Berserker on Dec 20, 2019.
             Was the Champion of Trog.
             Escaped with the Orb
             ... and 3 runes on Dec 25, 2019!
             The game lasted 13:46:01 (90602 turns).

VPR the Conqueror (Minotaur Berserker)             Turns: 90602, Time: 13:46:01

Health: 245/245    AC: 41    Str: 24    XL:     27
Magic:  5/8        EV: 34    Int:  5    God:    Trog [******]
Gold:   4032       SH: 25    Dex: 26    Spells: 26/26 levels left

rFire    + + .     SeeInvis .   b - +9 broad axe (antimagic)
rCold    + + .     Gourm    .   t - +5 shield {rF+}
rNeg     + . .     Faith    .   G - +10 plate armour
rPois    +         Spirit   .   i - +2 hat of the Flute {MR+ Dex+2 Stlth-}
rElec    +         Reflect  +   y - +1 cloak of Starlight {rElec rC+ EV+4 Stlth--}
rCorr    .         Harm     .   v - +3 pair of gloves of Elitism {+Blink Regen+ Int-4}
MR       +++++     Rnd*Rage +   f - +2 pair of boots {Fly}
Stlth    ..........             w - amulet of Ynohelye {Reflect +Inv rElec Int+4 Dex+3 SH+4}
HPRegen  0.90/turn              I - ring "Nythadad" {rPois rC+ MP+9 Str+3 Dex+2}
MPRegen  0.11/turn              h - ring of the Demon Prince {rF+ rN+ MR+ Int+2 Stlth+}

@: no status effects
A: retaliatory headbutt, horns 2, camouflage 1, berserk 1, deformed body,
deterioration 2, dopey 1, frail 1, low mp 3, magic resistance 1, screaming 1,
weak 2, no potion heal 1, MP-powered wands
0: Orb of Zot
}: 3/15 runes: barnacled, silver, gossamer
a: Berserk, Trog's Hand, Brothers in Arms, Renounce Religion, Evoke Blink, Evoke
Invisibility, Evoke Flight


You escaped.
You worshipped Trog.
Trog was exalted by your worship.
You were not hungry.

You visited 9 branches of the dungeon, and saw 49 of its levels.
You visited the Abyss 1 time.
You also visited: Bailey and Volcano.

You collected 7802 gold pieces.
You spent 3770 gold pieces at shops.

Inventory:

Hand Weapons
 a - a +9 broad axe of flaming
 b - a +9 antimagic broad axe (weapon)
 J - the +12 quick blade of Animal Spirits {antimagic, rElec}
   (Trog gifted it to you on level 1 of the Vaults)

   It reduces the magical energy of the wielder, and disrupts the spells and
   magical abilities of those hit.
   Natural abilities and divine invocations are not affected.
   It insulates you from electricity.
Armour
 f - a +2 pair of boots of flying (worn)
 i - the +2 hat of the Flute (worn) {MR+ Dex+2 Stlth-}
   (You acquired it on level 11 of the Dungeon)

   It affects your dexterity (+2).
   It affects your resistance to hostile enchantments.
   It makes you less stealthy.
 l - the +2 leather armour "Xisus" {rElec rC- MR+++ Int+3}
   (You took it off a deep elf sorcerer on level 3 of the Depths)

   It affects your intelligence (+3).
   It makes you vulnerable to cold.
   It insulates you from electricity.
   It affects your resistance to hostile enchantments.
 t - a +5 shield of fire resistance (worn)
 v - the +3 pair of gloves of Elitism (worn) {+Blink Regen+ Int-4}
   (You bought it in a shop on level 6 of the Dungeon)

   It affects your intelligence (-4).
   It lets you blink.
   It increases your rate of regeneration.
 y - the +1 cloak of Starlight (worn) {rElec rC+ EV+4 Stlth--}
   (You found it on level 5 of the Vaults)

   It affects your evasion (+4).
   It protects you from cold.
   It insulates you from electricity.
   It makes you much less stealthy.
 G - a +10 plate armour (worn)
Jewellery
 h - the ring of the Demon Prince (right hand) {rF+ rN+ MR+ Int+2 Stlth+}
   (You found it on level 4 of the Spider Nest)

   [ring of stealth]

   It affects your intelligence (+2).
   It protects you from fire.
   It protects you from negative energy.
   It affects your resistance to hostile enchantments.
   It makes you more stealthy.
 w - the amulet of Ynohelye (around neck) {Reflect +Inv rElec Int+4 Dex+3 SH+4}
   (You bought it in a shop on level 6 of the Dungeon)

   [amulet of reflection]

   It shields you and reflects attacks.
   It affects your intelligence (+4).
   It affects your dexterity (+3).
   It insulates you from electricity.
   It lets you turn invisible.
   It affects your SH (+4).
 C - an uncursed ring of magical power
 I - the ring "Nythadad" (left hand) {rPois rC+ MP+9 Str+3 Dex+2}
   (You found it on level 9 of the Dungeon)

   [ring of magical power]

   It affects your strength (+3).
   It affects your dexterity (+2).
   It protects you from cold.
   It protects you from poison.
   It affects your magic capacity (+9).
 L - the ring of Robustness {AC+8}
   (You took it off a deep elf mage on level 3 of the Elven Halls)

   [ring of protection]

   It affects your AC (+8).
 Q - an uncursed ring of flight
 S - the ring "Kaukol" {rC+ Str-2 Dex+4 SInv}
   (You found it on level 13 of the Dungeon)

   [ring of see invisible]

   It affects your strength (-2).
   It affects your dexterity (+4).
   It protects you from cold.
   It lets you see invisible.
 T - a +5 ring of protection
Wands
 k - a wand of acid (30)
 o - a wand of paralysis (59)
 r - a wand of digging (15)
 s - a wand of polymorph (27)
 x - a wand of flame (155)
 R - a wand of enslavement (12)
 V - a wand of disintegration (19)
 X - a wand of clouds (11)
 Y - a wand of iceblast (29)
Scrolls
 e - 21 scrolls of teleportation
 g - 9 scrolls of identify
 j - 7 scrolls of fear
 n - 2 scrolls of summoning
 p - 7 scrolls of fog
 q - 26 scrolls of remove curse
 u - 8 scrolls of blinking
 z - 3 scrolls of enchant weapon
 B - 7 scrolls of magic mapping
 D - 4 scrolls of silence
 H - 6 scrolls of immolation
 Z - a scroll of enchant armour
Potions
 d - 14 potions of curing
 m - 5 potions of ambrosia
 A - 3 potions of agility
 E - 4 potions of haste
 F - 5 potions of flight
 K - a potion of might
 M - 6 potions of heal wounds
 O - 2 potions of invisibility
 P - a potion of resistance
 U - 4 potions of cancellation
Comestibles
 c - 60 rations


   Skills:
 O Level 27 Fighting
 - Level 24.0 Short Blades
 + Level 19.8 Axes
   Level 0.8(13.5) Maces & Flails
 O Level 27 Armour
 O Level 27 Dodging
 + Level 17.6 Shields


You had 26 spell levels left.
You didn't know any spells.
Your spell library was empty.

Dungeon Overview and Level Annotations

Branches:
Dungeon (15/15)            Temple (0/1) D:6            Lair (6/6) D:10
 Shoals (4/4) Lair:2       Spider (4/4) Lair:2        Slime (0/5) Lair:5
    Orc (2/2) D:9             Elf (3/3) Orc:2        Vaults (5/5) D:13
  Crypt (0/3) Vaults:2     Depths (5/5) D:15            Zot (5/5) Depths:5
 Bailey (visited)         Volcano (visited)

Altars:
Dithmenos
Elyvilon
Kikubaaqudgha
Ru
Uskayaw
Vehumet
Wu Jian
Yredelemnul
Beogh

Shops:
D:4 [   D:6 [*   D:7 *   D:10 (   Orc:2 }*}!   Vaults:5 ?   Depths:1 *
Depths:5 ==}

Portals:
Hell: Depths:1 Depths:2 Depths:3 Depths:4 Depths:5
Abyss: Depths:3 Depths:4
Pandemonium: Depths:2 Depths:3
Ziggurat: Depths:3
Trove: Vaults:1 (give 12 potions of heal wounds)

Annotations:
D:6 1 runed translucent door, exclusion: door, Crazy Yiuf
Elf:2 3 runed translucent doors, exclusion: 3 doors
Vaults:1 1 runed translucent door, exclusion: door, deprived's ghost, veteran HOFi


Innate Abilities, Weirdness & Mutations

You reflexively headbutt those who attack you in melee.
You have a pair of horns on your head.
Your skin changes colour to match your surroundings (Stealth+).
You tend to lose your temper in combat.
Armour fits poorly on your strangely shaped body.
Your body often deteriorates upon taking damage.
You are dopey. (Int -2)
You are frail. (-10% HP)
Your magical capacity is extremely low. (-30% MP)
You are resistant to hostile enchantments. (MR+)
You occasionally shout uncontrollably at your foes.
You are very weak. (Str -4)
Potions are less effective at restoring your health.
You expend magic power (3 MP) to strengthen your wands.


Message History

You see here a +0 animal skin.
There is a stone staircase leading up here.
You climb upwards.
There is a stone staircase leading down here.
There is a stone staircase leading up here.
You climb upwards.
There is a stone staircase leading down here.
There is a stone staircase leading up here.
You climb upwards.
There is a stone staircase leading down here.
A rust devil comes into view.
The rust devil moves out of view.
Evoke which item? (* to show all) (? for menu, Esc to quit)
Aiming: Dig
Press: ? - help, Shift-Dir - straight line A rock wall.
This square is covered in magical glow.
You feel a surge of power!
The rock shatters into small pieces.
There is a staircase leading out of the dungeon here.
You have escaped!

#######..# ##......##..## #.
##........# #...##...#...#######.
..........# #...####.#........###
#.....>...###...# ##.#..#####....
#.........##.#.## #..#..######...
..4.......###..####..#...........
#......4..4......#..##......รท....
#.....##..##.......##........>#..
###.#####.###...@.###.#.......#..
...........####...##..#.......#.^
###.#####...).#####...........#..
#...# #####.......###.......###
###.## ####..#####.......#
#..#########..............###
##............#####..>.....(.
######.......# ###########
##......#


You could see a rust devil.

Vanquished Creatures
  9 orbs of fire
  7 ancient liches
  2 juggernauts
  Frederick (Depths:4)
  A shard shrike (Zot:5)
  3 Killer Klowns
  A curse toe (Zot:3)
  A caustic shrike (Depths:3)
  Nikola (Spider:4)
  Arachne (Spider:3)
  4 golden dragons
  9 bone dragons
  5 electric golems
  14 tentacled monstrosities
  2 hellephants (Abyss:3)
  9 titans
  2 deep elf blademasters (Elf:3)
  7 quicksilver dragons
  4 liches
  2 deep elf master archers (Elf:3)
  2 krakens
  29 Orb Guardians
  4 sphinxes
  2 Executioners
  Polyphemus (Shoals:3)
  Gastronok (D:12)
  5 death cobs
  18 tentacled starspawn
  Kirke (Spider:3)
  Roxanne (Spider:2)
  13 shadow dragons
  Ilsuiw (Shoals:4)
  8 tengu reavers
  A daeva (Abyss:3)
  19 storm dragons
  9 draconian monks
  9 fire giants
  Louise (Depths:4)
  10 deep elf sorcerers
  15 frost giants
  6 ghost moths
  3 draconian knights
  Aizul (Vaults:1)
  15 vault wardens
  10 iron dragons
  7 deep elf elementalists
  6 draconian shifters
  4 cacodemons
  3 draconian scorchers
  A curse skull (Depths:3)
  5 emperor scorpions
  4 ghouls
  A war gargoyle (Vaults:5)
  7 entropy weavers
  21 very ugly things
  An angel (D:15)
  8 draconian annihilators
  2 draconian stormcallers
  2 spriggan defenders (Depths:5)
  23 stone giants
  4 vampire knights
  11 ironheart preservers
  2 black suns (D:13)
  Azrael (D:14)
  14 deep elf annihilators
  2 dire elephants (Abyss:3)
  13 green draconians
  14 black draconians
  11 deep elf demonologists
  12 purple draconians
  4 yellow draconians
  An eidolon (Abyss:3)
  A lorocyproca (Abyss:3)
  13 red draconians
  6 merfolk javelineers
  15 white draconians
  14 spark wasps
  4 crystal guardians (Depths:2)
  20 ettins
  5 deep elf death magi
  12 fire dragons
  A blizzard demon (Depths:1)
  2 jiangshi (Depths:5)
  4 merfolk impalers
  A quicksilver dragon zombie (Abyss:2)
  9 deep elf high priests
  18 yaktaur captains
  Erolcha (Orc:1)
  15 ogre magi
  9 rakshasas
  4 great orbs of eyes
  A monstrous demonspawn (D:13)
  48 small abominations
  10 ice dragons
  Fannar (D:9)
  12 hydras
  Harold (Lair:1)
  A hell beast (D:12)
  6 catoblepae
  4 spriggan air magi
  40 two-headed ogres
  28 vault guards
  6 death knights
  7 centaur warriors
  13 dancing weapons
  2 two-headed ogres (shapeshifter)
  Erica (Orc:1)
  A satyr (shapeshifter) (Abyss:3)
  3 deep troll earth magi
  5 merfolk aquamancers
  3 merfolk avatars
  4 alligator snapping turtles
  3 deep troll shamans
  21 death yaks
  Urug (Lair:3)
  6 tengu warriors
  7 vampire magi
  19 thrashing horrors
  A satyr (Abyss:3)
  6 hell knights
  9 spriggan berserkers
  8 hell hogs
  Nergalle (Orc:1)
  2 titan skeletons
  14 deep elf knights
  8 soul eaters
  3 sun demons (Abyss:3)
  7 skeletal warriors
  13 wretched stars
  3 sixfirhies
  5 spatial maelstroms
  7 sea snakes
  A shadow wraith (Vaults:2)
  3 flayed ghosts
  4 unseen horrors
  8 glowing orange brains
  8 deep trolls
  6 wizards
  A torturous demonspawn (Depths:3)
  A death drake (Abyss:3)
  2 gelid demonspawn
  A sea snake (shapeshifter) (Abyss:3)
  A shadow demon (D:13)
  2 orange crystal statues (Depths:2)
  An obsidian statue (Vaults:3)
  14 ironbrand convokers
  A wolf spider zombie (D:15)
  Pikel (D:8)
  4 phantasmal warriors
  8 deep elf archers
  11 orc knights
  7 harpies
  11 orc sorcerers
  A shadow dragon zombie (Abyss:2)
  A mana viper (Abyss:3)
  17 orb spiders
  2 oklob plants
  A shadow dragon skeleton (Abyss:3)
  30 wolf spiders
  54 deep elf magi
  A mana viper (shapeshifter) (Vaults:5)
  5 necromancers
  6 fauns
  2 salamanders
  17 manticores
  74 ugly things
  3 elephants (Abyss:3)
  5 worldbinders
  3 cyclopes
  19 moths of wrath
  A toenail golem (Abyss:3)
  A rust devil (Abyss:3)
  2 black mambas
  A guardian serpent (shapeshifter) (Abyss:3)
  8 merfolk sirens
  9 vault sentinels
  7 water nymphs
  A fire giant skeleton (Depths:4)
  5 torpor snails
  2 spiny frogs (shapeshifter)
  An eye of devastation (shapeshifter) (Vaults:2)
  3 apocalypse crabs (Abyss:3)
  5 efreet
  19 spiny frogs
  22 smoke demons
  A spriggan skeleton (Depths:4)
  3 gargoyles
  7 orange demons
  A kobold demonologist (D:14)
  A rime drake (shapeshifter) (Abyss:1)
  3 rime drakes (Lair:6)
  2 tormentors (Abyss:3)
  A yaktaur (shapeshifter) (D:15)
  3 hellions
  7 komodo dragons
  11 freezing wraiths
  22 demonic crawlers
  11 yaktaurs
  A tengu conjurer (Depths:4)
  2 ice devils
  19 ancient zymes
  A silent spectre (Depths:3)
  7 trolls
  A red devil (Depths:5)
  3 hellwings
  2 meliai (shapeshifter)
  26 merfolk
  2 polar bears
  51 jumping spiders
  A hydra skeleton (Abyss:3)
  A wind drake (shapeshifter) (Vaults:5)
  A shadow dragon simulacrum (Abyss:2)
  A blink frog (shapeshifter) (D:14)
  13 hornets
  52 large abominations
  5 wind drakes
  A wolf spider simulacrum (D:15)
  13 hippogriffs
  34 blink frogs
  8 snapping turtles
  48 raiju
  36 slime creatures
  A dream sheep (shapeshifter) (Abyss:3)
  11 dream sheep
  An ice dragon zombie (Abyss:1)
  A fire dragon zombie (Abyss:2)
  5 spriggans
  A shadow (Abyss:2)
  6 flying skulls
  2 wyverns
  6 air elementals
  25 tarantellas
  22 water elementals
  86 redbacks
  18 ynoxinuls
  54 yaks
  4 fire bats
  5 golden eyes (Abyss:3)
  3 vampires
  8 wraiths
  4 basilisks
  5 fire elementals
  5 hogs (Spider:3)
  14 neqoxecs
  6 hungry ghosts
  14 chaos spawn
  A hog (shapeshifter) (Depths:2)
  12 wargs
  10 spatial vortices
  20 vampire mosquitoes
  3 insubstantial wisps (Abyss:3)
  6 water moccasins
  6 acid dragons
  A floating eye (shapeshifter) (Vaults:5)
  14 hell hounds
  9 porcupines
  A necrophage (D:11)
  4 ice beasts
  2 black bears
  35 orc warriors
  2 phantoms
  4 sky beasts
  An ogre (shapeshifter) (Depths:1)
  2 eyes of draining
  61 starcursed masses
  30 ogres
  14 boggarts
  4 wolves
  10 centaurs
  9 big kobolds
  17 crocodiles
  An earth elemental (Abyss:3)
  12 bullfrogs
  A deep troll simulacrum (Vaults:3)
  A wyvern skeleton (D:9)
  5 wights
  2 electric eels
  11 howler monkeys
  10 crimson imps
  2 bullfrog zombies
  4 centaur zombies
  4 hounds
  8 quasits
  2 gnoll shamans
  16 orc priests
  8 centaur skeletons
  6 iguanas
  2 jellies
  35 orc wizards
  4 bullfrog skeletons
  7 iron imps
  Ijyb (D:3)
  Jessica (D:2)
  6 worker ants
  A hound zombie (D:9)
  Robin (D:3)
  18 adders
  13 gnolls
  2 worker ant zombies
  3 shadow imps
  10 white imps
  12 ufetubi
  2 oozes
  An adder skeleton (D:2)
  4 worms
  A ball lightning (Zot:5)
  5 leopard geckos
  120 orcs
  11 giant cockroaches
  19 goblins
  5 hobgoblins
  12 jackals
  17 kobolds
  5 quokkas
  A quokka (shapeshifter) (Vaults:5)
  2 ball pythons
  7 bats
  4 frilled lizards
  2 jackal skeletons
  A kobold (shapeshifter) (Vaults:5)
  2 quokka zombies
  4 rats
  2 bushes (Lair:2)
  2 crawling corpses
  4 fungi
  3 lurking horrors
  6 plants
  14 starspawn tentacles
  9 tentacles
2834 creatures vanquished.

Vanquished Creatures (collateral kills)
  A fire dragon (Depths:2)
  2 orc sorcerers (Orc:2)
  4 orc wizards (Orc:2)
  4 orcs (Orc:2)
11 creatures vanquished.

Vanquished Creatures (others)
  Bai Suzhen (Vaults:4)
  A fire giant (Depths:1)
  An ironheart preserver (Vaults:5)
  2 stone giants
  A vampire knight (Vaults:2)
  5 yaktaur captains
  2 merfolk aquamancers
  A centaur warrior (D:14)
  A dancing weapon (Elf:3)
  2 deep elf knights
  A wretched star (Abyss:3)
  A sea snake (Shoals:4)
  A deep elf mage (Elf:3)
  7 deep elf archers
  4 cyclopes
  3 fauns
  A manticore (Shoals:4)
  A large abomination (Abyss:3)
  9 yaktaurs
  A red devil (Abyss:3)
  A hellwing (Abyss:3)
  A merfolk (Shoals:4)
  A raiju (Abyss:3)
  A dream sheep (Shoals:2)
  A redback (Spider:2)
  A water elemental (Shoals:4)
  A yak (Lair:4)
  2 chaos spawn (Abyss:3)
  A golden eye (Abyss:3)
  A human (Depths:3)
  A spatial vortex (Abyss:3)
  A hell hound (Depths:1)
  An ogre (Vaults:4)
  5 orc warriors
  A boggart (Vaults:1)
  2 centaurs
  A small abomination (Abyss:3)
  A crimson imp (Depths:5)
  An orc wizard (Orc:2)
  A ball lightning (Zot:5)
  14 orcs
  4 fire vortices (Abyss:3)
  7 fungi
  3 lurking horrors
  37 plants
  43 starspawn tentacles
  39 tentacles
219 creatures vanquished.

Grand Total: 3064 creatures vanquished

Notes
Turn   | Place    | Note
-------+----------+-------------------------------------------
     0 | D:1      | VPR the Minotaur Berserker began the quest for the Orb.
     0 | D:1      | Reached XP level 1. HP: 19/19 MP: 0/0
   198 | D:1      | Reached XP level 2. HP: 24/27 MP: 1/1
   797 | D:2      | Reached XP level 3. HP: 33/33 MP: 2/2
   835 | D:2      | Noticed Jessica
   839 | D:2      | Killed Jessica
   901 | D:2      | Reached ** piety under Trog
   906 | D:2      | Reached XP level 4. HP: 41/41 MP: 3/3
  1453 | D:3      | Reached XP level 5. HP: 46/47 MP: 4/4
  1464 | D:3      | Noticed Ijyb
  1494 | D:3      | Killed Ijyb
  1775 | D:3      | Reached *** piety under Trog
  2251 | D:3      | Reached skill level 5 in Fighting
  2281 | D:3      | Noticed Robin
  2291 | D:3      | Reached skill level 5 in Axes
  2293 | D:3      | Killed Robin
  2375 | D:2      | Reached XP level 6. HP: 50/56 MP: 5/5
  2573 | D:3      | Found a shadowy altar of Dithmenos.
  2643 | D:4      | Found Baonenikh's Armour Shoppe.
  2682 | D:4      | You fall into a shaft and drop 2 floors!
  2752 | D:5      | Entered Level 5 of the Dungeon
  2868 | D:5      | Reached **** piety under Trog
  3298 | D:4      | Found a basalt altar of Yredelemnul.
  3300 | D:4      | Found a hide-covered altar of Uskayaw.
  3309 | D:4      | Found a white marble altar of Elyvilon.
  4086 | D:5      | Reached skill level 5 in Armour
  4086 | D:5      | Reached XP level 7. HP: 62/62 MP: 6/6
  4395 | D:5      | Found an ornate altar of the Wu Jian Council.
  4770 | D:5      | Reached skill level 5 in Dodging
  5100 | D:6      | Found a staircase to the Ecumenical Temple.
  5231 | D:6      | Found a sacrificial altar of Ru.
  5256 | D:6      | Reached XP level 8. HP: 71/71 MP: 7/7
  5385 | D:6      | Found Rdircha's Retail Resort.
  5399 | D:6      | Found Vucuoji's Armour Shoppe.
  5634 | D:6      | Found a runed translucent door.
  5635 | D:6      | Noticed Crazy Yiuf
  5910 | D:7      | Reached ***** piety under Trog
  6416 | D:7      | Found Dieduff's Assorted Antiques.
  6421 | D:7      | Bought a potion of haste for 180 gold pieces
  6455 | D:7      | Bought a scroll labeled KAULICWUGILU for 18 gold pieces
  6455 | D:7      | Bought a scroll labeled BEITTA BEWIF for 18 gold pieces
  6455 | D:7      | Bought a scroll labeled TOUNIDE OSKA for 18 gold pieces
  6455 | D:7      | Bought a scroll of identify for 36 gold pieces
  6578 | D:7      | Received a gift from Trog
  7015 | D:8      | Reached XP level 9. HP: 28/81 MP: 2/8
  7742 | D:8      | Found an ancient bone altar of Kikubaaqudgha.
  7844 | D:8      | Noticed Pikel
  7865 | D:8      | Killed Pikel
  8491 | D:10     | Entered Level 10 of the Dungeon
  8559 | D:9      | Reached XP level 10. HP: 89/91 MP: 3/9
  8567 | D:9      | Noticed a gargoyle
  8584 | D:9      | Killed a gargoyle
  8718 | D:9      | Got a flickering wooden ring
  8762 | D:9      | Noticed a centaur warrior
  8781 | D:9      | Killed a centaur warrior
  8781 | D:9      | Reached skill level 10 in Fighting
  8781 | D:9      | Reached skill level 10 in Axes
  9169 | D:9      | Noticed a two-headed ogre
  9173 | D:9      | Killed a two-headed ogre
  9173 | D:9      | Reached skill level 10 in Armour
  9274 | D:9      | Identified the ring "Nythadad" {rPois rC+ MP+9 Str+3 Dex+2}
                  | (You found it on level 9 of the Dungeon)
  9323 | D:9      | Found a staircase to the Orcish Mines.
  9844 | D:10     | Found Dasch's Antique Weapon Boutique.
 10068 | D:10     | Noticed a two-headed ogre
 10123 | D:10     | Killed a two-headed ogre
 10123 | D:10     | Reached XP level 11. HP: 67/101 MP: 3/10
 10906 | D:10     | Reached skill level 10 in Dodging
 11000 | D:10     | Found a staircase to the Lair.
 11327 | Lair:1   | Entered Level 1 of the Lair of Beasts
 11571 | Lair:1   | Got an ancient pewter amulet
 11589 | Lair:1   | Found a dark tunnel.
 11593 | Lair:1   | Identified the amulet of Maim {Faith rPois rF- MR+ Int+3}
                  | (You found it on level 1 of the Lair of Beasts)
 11600 | Volcano  | Entered a volcano
 11620 | Volcano  | Noticed a two-headed ogre
 11642 | Volcano  | Killed a two-headed ogre
 11793 | Volcano  | Noticed a two-headed ogre
 11793 | Volcano  | Noticed a two-headed ogre
 11793 | Volcano  | Noticed an ogre mage
 11802 | Volcano  | Killed a two-headed ogre
 11807 | Volcano  | Killed an ogre mage
 11813 | Volcano  | Killed a two-headed ogre
 12226 | Volcano  | Noticed a two-headed ogre
 12226 | Volcano  | Noticed a red draconian
 12235 | Volcano  | Killed a two-headed ogre
 12245 | Volcano  | Killed a red draconian
 12560 | Volcano  | Noticed a two-headed ogre
 12571 | Volcano  | Killed a two-headed ogre
 12768 | Lair:1   | Reached skill level 10 in Shields
 12945 | Lair:1   | Reached XP level 12. HP: 110/110 MP: 11/11
 13216 | Lair:1   | Noticed Harold
 13230 | Lair:1   | Killed Harold
 13435 | Lair:1   | Reached skill level 15 in Shields
 14318 | Lair:2   | Found a staircase to the Shoals.
 14548 | Lair:2   | Noticed a seven-headed hydra
 14552 | Lair:2   | Killed a four-headed hydra
 14670 | Lair:2   | Found a hole to the Spider Nest.
 15926 | Lair:3   | Noticed a catoblepas
 15939 | Lair:3   | Killed a catoblepas
 16059 | Lair:3   | Reached XP level 13. HP: 119/119 MP: 12/12
 16180 | Lair:4   | Noticed Urug
 16322 | Lair:3   | Killed Urug
 18330 | Lair:5   | Found a staircase to the Slime Pits.
 18761 | Lair:6   | Entered Level 6 of the Lair of Beasts
 19134 | Lair:6   | Reached XP level 14. HP: 108/132 MP: 13/13
 19674 | Lair:6   | Got an ichor-stained long sword
 19675 | Lair:6   | Identified the +9 long sword of Battle {venom, Str+3 SInv}
                  | (You found it on level 6 of the Lair of Beasts)
 19879 | Lair:6   | Reached skill level 15 in Fighting
 19908 | Lair:6   | Reached skill level 15 in Armour
 21032 | D:11     | Got a brightly glowing hand crossbow
 21033 | D:11     | Identified the cursed +0 hand crossbow "Worm's Wrath"
                  | {penet, rPois Dex+3} (You found it on level 11 of the
                  | Dungeon)
 21108 | D:12     | Found a flagged portal.
 21139 | Bailey   | Entered a bailey
 21561 | Bailey   | Received a gift from Trog
 21566 | Bailey   | Got a warped falchion {god gift}
 21588 | Bailey   | Identified the +13 falchion of Discretion {vamp, rElec}
                  | (Trog gifted it to you in a bailey)
 21590 | Bailey   | Identified a scroll of acquirement
 21774 | D:12     | Noticed Gastronok
 21783 | D:12     | Killed Gastronok
 21879 | D:11     | Found a radiant altar of Vehumet.
 21971 | D:11     | Got a shimmering hat
 21982 | D:11     | Identified the +2 hat of the Flute {MR+ Dex+2 Stlth-} (You
                  | acquired it on level 11 of the Dungeon)
 22429 | D:12     | Paralysed by an orc sorcerer for 4 turns
 22673 | D:12     | Reached XP level 15. HP: 143/143 MP: 14/14
 23150 | Orc:1    | Entered Level 1 of the Orcish Mines
 23150 | Orc:1    | Noticed Fannar
 23193 | D:9      | Killed Fannar
 23244 | Orc:1    | Noticed Nergalle
 23275 | Orc:1    | Killed Nergalle
 23432 | Orc:2    | Entered Level 2 of the Orcish Mines
 23472 | Orc:1    | Received a gift from Trog
 23644 | Orc:2    | Found a staircase to the Elven Halls.
 23903 | Orc:2    | Found Juje's Gadget Shop.
 23912 | Orc:2    | Found Zosucvee's Assorted Antiques.
 24050 | Orc:2    | Bought a wand of acid (9) for 286 gold pieces
 24050 | Orc:2    | Bought a wand of disintegration (6) for 110 gold pieces
 24297 | Orc:2    | Reached skill level 15 in Dodging
 24396 | Orc:2    | Reached ****** piety under Trog
 24542 | Orc:2    | Found Pourghuc's Distillery.
 24542 | Orc:2    | Found Barol's Gadget Shop.
 24548 | Orc:2    | Bought a wand of iceblast (10) for 210 gold pieces
 24560 | Orc:2    | Bought a potion of curing for 54 gold pieces
 24560 | Orc:2    | Bought a potion of haste for 180 gold pieces
 24568 | Orc:2    | Found a roughly hewn altar of Beogh.
 24844 | Orc:1    | Noticed Erolcha
 24852 | Orc:1    | Killed Erolcha
 24937 | Orc:1    | Noticed Erica
 24949 | Orc:1    | Killed Erica
 25357 | D:13     | Noticed a frost giant
 25413 | D:13     | Killed a frost giant
 25484 | D:13     | Got a bound wooden ring
 25487 | D:13     | Identified the ring "Kaukol" {rC+ Str-2 Dex+4 SInv} (You
                  | found it on level 13 of the Dungeon)
 25510 | D:13     | Identified the Volume of Fetching Ignition
 25832 | D:13     | Found a gate to the Vaults.
 25899 | D:13     | Received a gift from Trog
 26120 | D:13     | Found a runed translucent door.
 26217 | D:13     | Noticed a tengu reaver
 26244 | D:13     | Killed a tengu reaver
 27194 | D:14     | Noticed Azrael
 27213 | D:14     | Killed Azrael
 27351 | D:15     | Entered Level 15 of the Dungeon
 27413 | D:14     | Received a gift from Trog
 27471 | D:15     | Reached XP level 16. HP: 155/155 MP: 15/15
 28028 | D:15     | Got an ancient hat
 28039 | D:15     | Identified the +0 hat of Camavai {Str+4 SInv} (You acquired
                  | it on level 15 of the Dungeon)
 28678 | D:15     | Found a staircase to the Depths.
 28737 | D:15     | Identified the +1 leather armour "Vaikach" {rCorr Int+3}
 29128 | Spider:1 | Entered Level 1 of the Spider Nest
 29137 | Spider:1 | Received a gift from Trog
 30862 | Spider:2 | Received a gift from Trog
 30944 | Spider:2 | Noticed Roxanne
 31286 | Spider:2 | Killed Roxanne
 31792 | Spider:4 | Entered Level 4 of the Spider Nest
 31815 | Spider:4 | Noticed Kirke
 31932 | Spider:3 | Killed Kirke
 32079 | Spider:3 | Identified the cursed +1 robe of Parts Unknown {rPois
                  | Dex+4}
 32109 | Spider:3 | Reached XP level 17. HP: 160/166 MP: 16/16
 32648 | Spider:3 | Received a gift from Trog
 33156 | Spider:3 | Noticed Arachne
 33201 | Spider:3 | Killed Arachne
 33428 | Spider:3 | Received a gift from Trog
 33853 | Spider:3 | Received a gift from Trog
 34202 | Spider:4 | Noticed Nikola
 34233 | Spider:4 | Killed Nikola
 35371 | Spider:4 | Paralysed by a hornet for 3 turns
 35807 | Spider:3 | Received a gift from Trog
 36267 | Spider:4 | Identified the ring of the Demon Prince {rF+ rN+ MR+ Int+2
                  | Stlth+} (You found it on level 4 of the Spider Nest)
 36439 | Spider:4 | Got a gossamer rune of Zot
 36685 | Shoals:1 | Entered Level 1 of the Shoals
 36840 | Shoals:1 | Received a gift from Trog
 37053 | Shoals:1 | Noticed a kraken
 37200 | Shoals:1 | Reached XP level 18. HP: 176/178 MP: 17/17
 38828 | Shoals:2 | Received a gift from Trog
 39614 | Shoals:3 | Noticed Polyphemus
 39989 | Shoals:4 | Entered Level 4 of the Shoals
 40047 | Shoals:4 | Noticed Ilsuiw
 40570 | Shoals:3 | Killed Polyphemus
 41372 | Shoals:4 | Received a gift from Trog
 42295 | Shoals:4 | Got a barnacled rune of Zot
 42487 | Shoals:4 | Killed Ilsuiw
 42690 | Shoals:4 | Got a bloodstained cloak
 42709 | Shoals:4 | Identified the +1 cloak of the Mutiny {rElec Dex+3} (You
                  | acquired it on level 4 of the Shoals)
 43211 | Vaults:1 | Entered Level 1 of the Vaults
 43255 | Vaults:1 | Noticed Aizul
 43262 | Vaults:1 | Killed Aizul
 43650 | Vaults:1 | Reached XP level 19. HP: 189/189 MP: 18/18
 43886 | Vaults:1 | Received a gift from Trog
 44049 | Vaults:1 | Found a runed translucent door.
 44052 | Vaults:1 | Noticed deprived's ghost (veteran HOFi)
 44284 | Vaults:1 | Found a portal to a secret trove of treasure.
 44852 | Vaults:1 | Received a gift from Trog
 44997 | Vaults:1 | Got an ancient quick blade {god gift}
 44998 | Vaults:1 | Identified the +12 quick blade of Animal Spirits
                  | {antimagic, rElec} (Trog gifted it to you on level 1 of the
                  | Vaults)
 46402 | Vaults:2 | Received a gift from Trog
 46987 | Vaults:2 | Found a staircase to the Crypt.
 47209 | Vaults:2 | Reached XP level 20. HP: 200/200 MP: 19/19
 47967 | Vaults:3 | Received a gift from Trog
 48206 | Vaults:3 | Found Zarer's Assorted Antiques.
 48667 | Vaults:3 | Received a gift from Trog
 50788 | Vaults:4 | Noticed Bai Suzhen
 50793 | Vaults:4 | Received a gift from Trog
 50806 | Vaults:4 | Killed Bai Suzhen
 51694 | Elf:1    | Entered Level 1 of the Elven Halls
 52309 | Elf:2    | Reached XP level 21. HP: 211/211 MP: 20/20
 52317 | Elf:2    | Received a gift from Trog
 53733 | Elf:2    | Received a gift from Trog
 53743 | Elf:2    | Found a runed translucent gate.
 53743 | Elf:2    | Found a runed translucent gate.
 53743 | Elf:2    | Found a runed translucent gate.
 53782 | Elf:3    | Entered Level 3 of the Elven Halls
 54291 | Elf:3    | Identified the +8 trident "Pobaunt" {flame, rN+ Str-2
                  | Int+4} (You found it on level 3 of the Elven Halls)
 55815 | Elf:3    | Identified the +5 trident "Teskoj" {venom, Dex+4}
 56008 | Elf:3    | Identified the +7 quarterstaff of Indomitability {crush,
                  | rC+}
 56008 | Elf:3    | Identified the +2 falchion of the Stork {venom, Str+8
                  | Int+4}
 56009 | Elf:3    | Identified the +10 mace "Impslayer" {crush, Str+2}
 56009 | Elf:3    | Identified the ring of Icuasuno {rPois rC- Str+5}
 56023 | Elf:3    | Identified the +10 short sword "Ariathur" {drain, MR+
                  | Int+4}
 56026 | Elf:3    | Received a gift from Trog
 56813 | Elf:3    | Identified the cursed +2 falchion of Gallantry {holy, rElec
                  | Int-3 Dex+6 Stlth+}
 56813 | Elf:3    | Identified the ring of Netuem {Wiz *Contam MR+ Int+4}
 56908 | Elf:3    | Identified the Incunabulum of Fascination and the Compass
 56946 | Elf:3    | Got a smoking crystal amulet
 56947 | Elf:3    | Identified the amulet of Vyrymuv {Inacc rN+ Str-3 Int+4}
                  | (You found it on level 3 of the Elven Halls)
 56963 | Elf:3    | Got an encrusted scale mail
 56974 | Elf:3    | Identified the cursed +1 scale mail of the Invisible Beds
                  | {+Blink rElec MR-} (You found it on level 3 of the Elven
                  | Halls)
 57181 | D:6      | Bought the amulet of Ynohelye {Reflect +Inv rElec Int+4
                  | Dex+3 SH+4} for 940 gold pieces
 57196 | D:6      | Bought the +3 pair of gloves of Elitism {+Blink Regen+
                  | Int-4} for 326 gold pieces
 57423 | Depths:1 | Entered Level 1 of the Depths
 57593 | Depths:1 | Found a basalt altar of Yredelemnul.
 57600 | Depths:1 | Found Pimiete's Profane Products.
 57629 | Depths:1 | Received a gift from Trog
 58308 | Depths:1 | Bought the cursed +14 obsidian axe {chop, +Fly SInv *Curse}
                  | for 1208 gold pieces
 58308 | Depths:1 | Found the cursed +14 obsidian axe {chop, +Fly SInv *Curse}
 58413 | Depths:1 | Found a gateway to Hell.
 58455 | Depths:1 | Reached XP level 22. HP: 222/222 MP: 21/21
 58750 | Depths:2 | Identified the cursed +1 ring mail "Egyihi" {rC+} (You
                  | found it on level 2 of the Depths)
 58841 | Depths:2 | Found a one-way gate leading to the halls of Pandemonium.
 58905 | Depths:2 | Noticed a juggernaut
 58951 | Depths:1 | Received a gift from Trog
 59240 | Depths:2 | Reached skill level 1 in Short Blades
 59326 | Depths:2 | Killed a juggernaut
 60085 | Depths:2 | Found a runed translucent door.
 60443 | Depths:2 | Lost intelligence.
 61533 | Depths:2 | Got a heavily runed chain mail
 61544 | Depths:2 | Identified the +9 chain mail of Itionk {rN+} (You found it
                  | on level 2 of the Depths)
 61557 | Depths:2 | Got a transparent pewter ring
 61559 | Depths:2 | Identified the ring of the Empty Page {Str+9 Stlth-} (You
                  | found it on level 2 of the Depths)
 61954 | Depths:3 | Found a gateway to a ziggurat.
 62536 | Depths:4 | Noticed Louise
 62539 | Depths:4 | Found a one-way gate to the infinite horrors of the Abyss.
 62555 | Depths:4 | Killed Louise
 62798 | Depths:3 | Reached skill level 5 in Short Blades
 62804 | Depths:3 | Received a gift from Trog
 62898 | Depths:3 | You fall into a shaft and drop 1 floor!
 63648 | Depths:3 | Found a runed door.
 64427 | Depths:3 | Noticed an ancient lich
 64427 | Depths:3 | Identified the +2 leather armour "Xisus" {rElec rC- MR+++
                  | Int+3}
 64435 | Depths:3 | Noticed an ancient lich
 64438 | Depths:3 | Killed an ancient lich
 64449 | Depths:3 | Killed an ancient lich
 64449 | Depths:3 | Reached XP level 23. HP: 165/232 MP: 22/22
 64534 | Depths:3 | Identified the ring "Lucainat" {rC+ rN+}
 64834 | Depths:3 | Got an encrusted shield
 64845 | Depths:3 | Identified the +4 shield of Love and Death {MP+9 Str+3}
                  | (You acquired it on level 3 of the Depths)
 65067 | Depths:3 | Gained mutation: Armour fits poorly on your strangely
                  | shaped body. [a cacodemon]
 65255 | Depths:4 | Received a gift from Trog
 66142 | Depths:4 | Gained mutation: Scrolls take you a little longer to read.
                  | [a cacodemon]
 66156 | Depths:4 | Reached skill level 15 in Axes
 66339 | Depths:4 | Noticed a caustic shrike
 66393 | Depths:3 | Killed a caustic shrike
 66562 | Depths:4 | Received a gift from Trog
 66850 | Depths:5 | Entered Level 5 of the Depths
 66896 | Depths:5 | Noticed Frederick
 67360 | Depths:4 | Killed Frederick
 67870 | Depths:5 | Received a gift from Trog
 68365 | Depths:5 | Reached XP level 24. HP: 243/243 MP: 22/22
 68520 | Depths:5 | Found a gate to the Realm of Zot.
 68774 | Depths:5 | Found Leiggotz's Gadget Boutique.
 68774 | Depths:5 | Found Ruvoeth's Jewellery Emporium.
 68833 | Depths:5 | Found Caaneav's Jewellery Emporium.
 69529 | Depths:2 | Lost mutation: Armour fits poorly on your strangely shaped
                  | body. [potion of mutation]
 69529 | Depths:2 | Lost mutation: Scrolls take you a little longer to read.
                  | [potion of mutation]
 69529 | Depths:2 | Gained mutation: Your muscles are strong. (Str +2) [potion
                  | of mutation]
 69529 | Depths:2 | Gained mutation: You are dopey. (Int -2) [potion of
                  | mutation]
 69529 | Depths:2 | Gained mutation: You expend magic power (3 MP) to
                  | strengthen your wands. [potion of mutation]
 69760 | Depths:3 | Voluntarily entered the Abyss.
 70023 | Abyss:1  | Received a gift from Trog
 70059 | Abyss:1  | Lost mutation: Your muscles are strong. (Str +2) [a
                  | neqoxec]
 70301 | Abyss:1  | Reached skill level 10 in Short Blades
 70699 | Abyss:2  | Found a corrupted altar of Lugonu.
 71461 | Abyss:2  | Received a gift from Trog
 71736 | Abyss:2  | Gained mutation: You are clumsy. (Dex -2) [a neqoxec]
 71750 | Abyss:2  | Found a corrupted altar of Lugonu.
 72277 | Abyss:2  | Gained mutation: You have sharp toenails. [a shining eye]
 72779 | Abyss:3  | Gained mutation: You are very dopey. (Int -4) [a cacodemon]
 72976 | Abyss:3  | Received a gift from Trog
 73129 | Abyss:3  | Found a corrupted altar of Lugonu.
 73412 | Abyss:3  | Reached XP level 25. HP: 253/253 MP: 22/22
 73608 | Abyss:3  | Received a gift from Trog
 74202 | Abyss:3  | Found a corrupted altar of Lugonu.
 74272 | Abyss:3  | Found a corrupted altar of Lugonu.
 74486 | Abyss:3  | Received a gift from Trog
 74826 | Abyss:3  | Found a corrupted altar of Lugonu.
 75028 | Abyss:3  | Gained mutation: Armour fits poorly on your strangely
                  | shaped body. [a neqoxec]
 75046 | Abyss:3  | Gained mutation: Your magical capacity is low. (-10% MP) [a
                  | neqoxec]
 75048 | Abyss:3  | Lost intelligence.
 75122 | Abyss:3  | Received a gift from Trog
 76098 | Abyss:3  | Received a gift from Trog
 76138 | Abyss:3  | Gained mutation: You are frail. (-10% HP) [a neqoxec]
 76299 | Abyss:3  | Found a corrupted altar of Lugonu.
 76430 | Abyss:3  | Found a hazy altar of Hepliaklqana.
 76520 | Abyss:3  | Received a gift from Trog
 77079 | Abyss:3  | Gained mutation: You are resistant to hostile enchantments.
                  | (MR+) [a neqoxec]
 77207 | Depths:3 | Escaped the Abyss
 78155 | Lair:6   | Lost mutation: Armour fits poorly on your strangely shaped
                  | body. [potion of mutation]
 78155 | Lair:6   | Lost mutation: You have sharp toenails. [potion of
                  | mutation]
 78155 | Lair:6   | Lost mutation: You are clumsy. (Dex -2) [potion of
                  | mutation]
 78155 | Lair:6   | Gained mutation: You are clumsy. (Dex -2) [potion of
                  | mutation]
 78155 | Lair:6   | Gained mutation: You are partially covered in icy blue
                  | scales. (AC +2) [potion of mutation]
 78156 | Lair:6   | Lost mutation: You are clumsy. (Dex -2) [potion of
                  | mutation]
 78156 | Lair:6   | Lost mutation: You are partially covered in icy blue
                  | scales. (AC +2) [potion of mutation]
 78156 | Lair:6   | Lost mutation: You are very dopey. (Int -4) [potion of
                  | mutation]
 78156 | Lair:6   | Lost mutation: You are frail. (-10% HP) [potion of
                  | mutation]
 78156 | Lair:6   | Gained mutation: You possess an exceptional clarity of
                  | mind. [potion of mutation]
 78425 | Vaults:5 | Entered Level 5 of the Vaults
 78504 | Vaults:5 | Reached XP level 26. HP: 264/264 MP: 19/19
 78775 | Vaults:5 | Got an encrusted chain mail
 78786 | Vaults:5 | Identified the cursed +1 chain mail of the Bard {MR- Regen+
                  | Str-3 SInv} (You found it on level 5 of the Vaults)
 78858 | Vaults:5 | Received a gift from Trog
 78898 | Vaults:5 | Identified the +10 shortbow of Fuiladef {freeze, MR++ Int+2
                  | Dex-4}
 79275 | Vaults:5 | Reached skill level 27 in Fighting
 79343 | Vaults:5 | Got a silver rune of Zot
 79461 | Vaults:5 | Identified the +7 morningstar of the Lame Duck {flame,
                  | rElec rF+ MR+ Str+4}
 79585 | Vaults:5 | Identified the +7 spear "Dudum" {protect, MR+}
 79626 | Vaults:5 | Reached skill level 27 in Armour
 79854 | Vaults:5 | Got a smoking cloak
 79865 | Vaults:5 | Identified the +3 cloak "Uckil" {*Slow Int+4 Stlth+} (You
                  | found it on level 5 of the Vaults)
 80021 | Vaults:5 | Reached skill level 15 in Short Blades
 80030 | Vaults:5 | Received a gift from Trog
 80323 | Vaults:5 | Noticed an ancient lich
 80344 | Vaults:5 | Killed an ancient lich
 80457 | Vaults:5 | Found the +1 cloak of Starlight {rElec rC+ EV+4 Stlth--}
 80462 | Vaults:5 | Found Qajin's Magic Scroll Shop.
 80600 | Vaults:5 | Bought a scroll of magic mapping for 59 gold pieces
 80600 | Vaults:5 | Bought a scroll of blinking for 127 gold pieces
 80753 | Vaults:5 | Identified Nuonnipn's Handbook of Stones and Sinister
                  | Rituals
 80756 | Vaults:5 | Identified the cursed ring of the Median {+Blink rPois rF-
                  | rC+ Str+4 Dex-2} (You found it on level 5 of the Vaults)
 80785 | Vaults:5 | Identified the ring "Niuwaj" {*Contam EV+5 Str+4 Dex+4}
                  | (You found it on level 5 of the Vaults)
 81104 | Vaults:5 | Found the +7 pair of quick blades "Gyre" and "Gimble"
                  | {protect}
 81953 | Zot:1    | Entered Level 1 of the Realm of Zot
 82119 | Depths:5 | Reached XP level 27. HP: 225/273 MP: 19/19
 82473 | Zot:1    | Received a gift from Trog
 82857 | Zot:1    | Noticed an orb of fire
 82880 | Zot:1    | Killed an orb of fire
 83092 | Zot:2    | Reached skill level 27 in Dodging
 83412 | Zot:5    | Entered Level 5 of the Realm of Zot
 84708 | Zot:4    | Noticed an ancient lich
 84720 | Zot:5    | Noticed a juggernaut
 84720 | Zot:5    | a Killer Klown changed into a juggernaut
 84741 | Zot:5    | Killed a juggernaut
 84958 | Zot:5    | Received a gift from Trog
 85074 | Zot:4    | Killed an ancient lich
 85424 | Zot:5    | Noticed an ancient lich
 85615 | Zot:5    | Noticed an ancient lich
 85636 | Zot:5    | Killed an ancient lich
 85795 | Zot:5    | Noticed an ancient lich
 85807 | Zot:5    | Killed an ancient lich
 86091 | Zot:5    | Killed an ancient lich
 86160 | Zot:5    | Noticed an orb of fire
 86161 | Zot:5    | Noticed an orb of fire
 86168 | Zot:5    | Gained mutation: Potions are less effective at restoring
                  | your health. [an orb of fire]
 86182 | Zot:5    | Killed an orb of fire
 86190 | Zot:5    | Lost mutation: You possess an exceptional clarity of mind.
                  | [an orb of fire]
 86200 | Zot:5    | Gained mutation: You are weak. (Str -2) [an orb of fire]
 86524 | Zot:5    | Noticed an orb of fire
 86562 | Zot:5    | Gained mutation: You are clumsy. (Dex -2) [an orb of fire]
 86573 | Zot:4    | Gained mutation: Scrolls take you a little longer to read.
                  | [an orb of fire]
 86582 | Zot:4    | Killed an orb of fire
 86585 | Zot:4    | Killed an orb of fire
 86796 | Zot:5    | Noticed an orb of fire
 86798 | Zot:5    | Gained mutation: You possess an exceptional clarity of
                  | mind. [an orb of fire]
 86799 | Zot:5    | Gained mutation: Your magical capacity is very low. (-20%
                  | MP) [an orb of fire]
 86801 | Zot:5    | Noticed an orb of fire
 86818 | Zot:5    | Gained mutation: Your magical capacity is extremely low.
                  | (-30% MP) [an orb of fire]
 86838 | Zot:4    | Killed an orb of fire
 86991 | Zot:4    | Killed an orb of fire
 87733 | Zot:5    | Noticed an orb of fire
 87733 | Zot:5    | Gained mutation: Your body sometimes deteriorates upon
                  | taking damage. [an orb of fire]
 87741 | Zot:5    | Gained mutation: Your body often deteriorates upon taking
                  | damage. [an orb of fire]
 87757 | Zot:5    | Lost mutation: You possess an exceptional clarity of mind.
                  | [an orb of fire]
 87772 | Zot:5    | Killed an orb of fire
 87853 | Zot:5    | Noticed an orb of fire
 87854 | Zot:5    | Gained mutation: You tend to lose your temper in combat.
                  | [an orb of fire]
 87867 | Zot:5    | Killed an orb of fire
 88134 | Zot:1    | Lost mutation: You are clumsy. (Dex -2) [potion of
                  | mutation]
 88134 | Zot:1    | Lost mutation: Scrolls take you a little longer to read.
                  | [potion of mutation]
 88134 | Zot:1    | Lost mutation: You expend magic power (3 MP) to strengthen
                  | your wands. [potion of mutation]
 88134 | Zot:1    | Gained mutation: You occasionally shout uncontrollably at
                  | your foes. [potion of mutation]
 88134 | Zot:1    | Gained mutation: Your skin changes colour to match your
                  | surroundings (Stealth+). [potion of mutation]
 88266 | Zot:3    | Received a gift from Trog
 88312 | Zot:3    | Got a polished hand axe {god gift}
 88313 | Zot:3    | Identified the +5 hand axe "Loguupso" {drain, rN+ MR+}
                  | (Trog gifted it to you on level 3 of the Realm of Zot)
 89133 | Zot:5    | Noticed an orb of fire
 89135 | Zot:5    | Gained mutation: You are very weak. (Str -4) [an orb of
                  | fire]
 89140 | Zot:5    | Gained mutation: You expend magic power (3 MP) to
                  | strengthen your wands. [an orb of fire]
 89149 | Zot:5    | Gained mutation: Armour fits poorly on your strangely
                  | shaped body. [an orb of fire]
 89164 | Zot:5    | Killed an orb of fire
 89749 | Zot:5    | Got the Orb of Zot
 89830 | Zot:4    | Gained mutation: You are frail. (-10% HP) [a cacodemon]
 90244 | D:15     | Noticed a seraph
 90602 | D:$      | Escaped with the Orb!

Levels and vault maps discovered:
D:1:      dpeg_arrival_round_c, layout_rooms
D:2:      layout_rooms, kennysheep_cross_bottleneck, uniq_jessica
D:3:      layout_rooms, lemuel_coloured_pillars_altar, first_ration,
          chequers_mini_garden, minivault_25, uniq_robin, uniq_ijyb
D:4:      layout_basic, minitemple, serial_shops, nicolae_shop_trees
D:5:      layout_basic, lemuel_doored_altar
D:6:      layout_basic, nicolae_ru_awakened_eye,
          minmay_temple_entry_proselytizer, serial_shops, shop,
          eino_tiny_chamber, nicolae_alphabet_shops, mrwooster_statue_mirror,
          uniq_crazy_yiuf_cottage
D:7:      layout_basic, serial_shops, nicolae_shop_stone
D:8:      layout_loops_ring, kiku_gazebo_garden_becter, blue_anna_alchemist
          [blue_anna_fruit_fields, blue_anna_fruit_fields],
          nicolae_water_bricks, uniq_pikel
D:9:      minmay_the_grid_octo_tiled_octocenter [minmay_the_grid_octo_clover_2,
          minmay_the_grid_octo_tetromino_candy, minmay_the_grid_octo_odd_swirl,
          minmay_the_grid_octo_77,
          minmay_the_grid_octo_prize_ultimate_mussel_roller,
          minmay_the_grid_square_5x5_minimal,
          minmay_the_grid_square_5x5_percent, minmay_the_grid_square_5x5_six,
          minmay_the_grid_square_5x5_fat_x], layout_basic
D:10:     layout_gridville, erik_lair_orcish_takeover, serial_shops, shop
D:11:     layout_loops_cross, basic_altar
D:12:     cheibrodos_wizards_tower, layout_irregular_city, enter_bailey_6,
          uniq_gastronok
D:13:     minmay_strange_plus, layout_loops_corners, erik_vaults_1,
          minivault_20, minivault_13
D:14:     layout_big_octagon, minmay_holes, uniq_azrael
D:15:     grunt_enter_depths_hoard, layout_loops_ring
Lair:1:   layout_cave_pods, enter_volcano_4, beast_lair_carwin_11,
          serial_bayou_shore_b, grunt_megastairs_2, infiniplex_staircase_pool_2,
          uniq_harold
Lair:2:   layout_long_grid, minmay_shoals_entry_beasts, spider_nest_entry_webs,
          minmay_lair_oklob_bushes
Lair:3:   layout_roguey, grunt_megastairs_1
Lair:4:   layout_small_grid, hangedman_lair_generics_rect, lemuel_fruit_fields,
          lemuel_fruit_fields, uniq_urug
Lair:5:   layout_layer_cave, minmay_slime_entry_oklob_open
Lair:6:   evilmike_catoblepas_cave, layout_regular_city,
          chequers_serial_rivers_micro_b
Shoals:1: layout_shoals, nicolae_shoals_water_elemental_grotto
Shoals:2: layout_shoals
Shoals:3: layout_shoals, nicolae_shoals_so_close, uniq_polyphemus
Shoals:4: shoals_end_simple, layout_shoals, shoal_ilsuiw
Spider:1: layout_spider_delve
Spider:2: layout_spider_delve, guppyfry_spider_mini_3, uniq_roxanne
Spider:3: cheibrodos_spider_silkery, nicolae_spider_webbed_stairs, uniq_arachne
Spider:4: johnstein_spider_rune_arachne_lair, uniq_nikola, uniq_kirke
Orc:1:    layout_caves, uniq_fannar, uniq_erolcha, uniq_erica, uniq_nergalle
Orc:2:    st_orc_town, layout_diamond_mine
Elf:1:    eino_elf_arrival_sip, layout_geoelf_grid, hangedman_corner_corridor
Elf:2:    layout_onion_city
Elf:3:    elf_hall, layout_geoelf_castle
Vaults:1: gammafunk_vaults_ghost_grave, v_pattern_2, hangedman_vaults_slice,
          nicolae_vaults_little_ls, st_cells, v_misc_18, v_misc_13,
          layout_vaults_quadrants, nicolae_trove_entry_diagonal, uniq_aizul
Vaults:2: v_alt_pattern_5, minmay_crypt_entry_simple_statues,
          grunt_vaults_funnel, nicolae_vaults_asterisk,
          vaults_room_stairs_pillars, nicolae_vaults_what_the_h,
          layout_vaults_chaotic_city
Vaults:3: v_misc_12, nicolae_vaults_statue_guard, nicolae_vaults_sealed_display,
          hangedman_vaults_variations, v_misc_17, v_misc_17,
          nicolae_vaults_circle_grid_a, v_misc_13, v_rooms_3,
          hangedman_vaults_snaps, grunt_vaults_hallway_short,
          ontoclasm_vaults_hangar, v_misc_22, layout_vaults_maze, serial_shops,
          shop_fountains
Vaults:4: vaults_dpeg_hooks, nicolae_vaults_alarming,
          nicolae_vaults_three_branches, nicolae_vaults_stairing_the_circle,
          hangedman_vaults_stitches, nicolae_vaults_little_squares_5,
          nicolae_vaults_little_squares_3, grunt_vaults_diagonal,
          layout_vaults_omnicross, uniq_bai_suzhen
Vaults:5
Depths:1: layout_roguey, chequers_serial_rivers_micro_b, grunt_hell_horde,
          minmay_door_square, solitary_fountain, nicolae_evil_shop
Depths:2: minmay_cut_squares, layout_basic, rand_demon_pan_entry_1,
          hangedman_coc_ice_floe, minmay_staircase_windowed_small,
          dk_noncrumbling_2, minivault_15, minmay_misc_feat_tiny,
          grunt_decor_cap, minmay_crystal_box
Depths:3: evilmike_wizard_prison, layout_basic, enter_ziggurat_f,
          rand_demon_pan_entry_4, minmay_misc_feat_encased, abyss_entry,
          hell_entry, hangedman_abyss_or_decor_clamps
Depths:4: minmay_central_circle, layout_gridlike, hell_entry,
          nicolae_abyss_entry_one_way_or_another, infiniplex_staircase_squiggle
Depths:5: grunt_zot_entry_alcove, layout_cave_pools, minmay_misc_feat_five,
          hellmouth_1, grunt_ministairs_1, serial_bayou_shore_a,
          serial_bayou_shore_b, minmay_shop_grove, uniq_frederick
Zot:1:    kennysheep_room_grid, layout_onion_interference, grunt_ministairs_7,
          st_stairs_3, zot_minivault_6
Zot:2:    layout_onion_interference
Zot:3:    layout_misc_corridors
Zot:4:    grunt_deathspiral_small, layout_onion_interference
Zot:5:    layout_onion

Skill      XL: |  1  2  3  4  5  6  7  8  9 10 11 12 13 14 15 16 17 18 19 20 21 22 23 24 25 26 27 |
---------------+----------------------------------------------------------------------------------+-----
Fighting       | 4 5 6 8 9 10 11 12 14 15 17 18 19 21 22 23 24 25 26 27 | 27.0
Axes           | 4 5 6 7 9 10 11 12 14 15 17 19 | 19.8
Armour         | 3 4 5 7 8 10 11 12 14 15 17 18 19 20 22 23 24 25 26 27 | 27.0
Dodging        | 3 4 5 6 8 9 10 11 13 14 15 17 18 19 20 21 22 23 24 26 27 | 27.0
Shields        | 11 15 17 | 17.6
Short Blades   | 6 9 11 13 16 24 | 24.0
Maces & Flails | |  0.8

Action                   |  1- 3 |  4- 6 |  7- 9 | 10-12 | 13-15 | 16-18 | 19-21 | 22-24 | 25-27 || total
-------------------------+-------+-------+-------+-------+-------+-------+-------+-------+-------++-------
Melee: Hand axe          |    74 |   151 |       |       |       |       |       |       |       ||   225
       Headbutt          |    11 |    53 |    46 |   120 |   303 |   489 |   541 |   793 |   958 ||  3314
       Dagger            |       |    41 |       |       |       |       |       |       |       ||    41
       War axe           |       |    13 |    66 |       |       |       |       |       |       ||    79
       Broad axe         |       |       |    68 |   243 |  1009 |  1430 |  1461 |  1868 |  2494 ||  8573
       Battleaxe         |       |       |   127 |   218 |       |       |       |       |       ||   345
       Falchion          |       |       |       |       |       |    17 |       |       |       ||    17
       Unarmed           |       |       |       |       |       |       |       |       |     2 ||     2
Invok: Berserk           |     1 |       |       |     4 |       |     1 |       |     2 |     3 ||    11
       Trog's Hand       |       |       |     1 |     1 |     2 |     1 |     1 |       |     1 ||     7
       Brothers in Arms  |       |       |       |       |     1 |       |       |       |     1 ||     2
 Abil: Stop Flying       |       |       |       |       |     1 |     1 |       |     3 |       ||     5
       Evoke Flight      |       |       |       |       |       |     1 |       |     3 |       ||     4
Evoke: Wand              |       |       |       |       |     4 |     1 |       |       |    13 ||    18
  Use: Scroll            |       |     3 |     9 |    23 |    14 |    10 |    13 |    16 |    19 ||   107
       Potion            |       |       |       |     3 |       |     6 |       |     8 |    10 ||    27
 Stab: Held in net/web   |       |       |       |       |       |     1 |       |       |       ||     1
       Distracted        |       |       |       |       |       |     1 |     1 |     4 |     5 ||    11
       Invisible         |       |       |       |       |       |       |       |       |     8 ||     8
       Petrifying        |       |       |       |       |       |       |       |       |     1 ||     1
       Petrified         |       |       |       |       |       |       |       |       |     1 ||     1
       Paralysed         |       |       |       |       |       |       |       |       |     1 ||     1
  Eat: Chunk             |     1 |    10 |    11 |    12 |    19 |    19 |    18 |    12 |    12 ||   114
       Ration            |       |       |     3 |     5 |     5 |    11 |     9 |    13 |    14 ||    60
Armor: Animal skin       |    10 |       |       |       |       |       |       |       |       ||    10
       Chain mail        |    27 |   114 |    44 |       |       |       |       |       |       ||   185
       Plate armour      |       |       |    74 |   141 |   208 |   772 |   271 |   354 |   404 ||  2224
       Leather armour    |       |       |       |       |       |       |       |       |    24 ||    24
       Skin              |       |       |       |       |       |       |       |       |    11 ||    11
Dodge: Dodged            |    33 |   117 |   189 |   164 |   274 |  1145 |   624 |   988 |  1557 ||  5091
Block: Other             |       |       |    10 |    30 |       |       |       |       |     1 ||    41
       Shield            |       |       |       |   186 |  1006 |  2368 |  1555 |  1828 |  2410 ||  9353
       Reflection        |       |       |       |     1 |   118 |   192 |   184 |    52 |    76 ||   623
